Map: [TLMC15] Berlingrad

Players

Rogue

  • Race: Zerg Zerg

Maru - Winner!

  • Race: Terran Terran

Event: DreamHack SC2 Masters 2021 Winter

VOD

Have the link to the VOD?

Description

Time

  • Played on: Nov. 14, 2021, 10:54 a.m.
  • Length: 12:22

All games in this series

Show
View Real Time Build Order
Export as new Build Order

Rogue Zerg 

Build Orders: Hatch First, Lurkers, Roach Nydus 

Get SALT Encoding   

  12  0:00  Drone  
  13  0:13  Overlord  
  13  0:17  Drone  
  14  0:31  Drone x2  
  16  0:50  Hatchery  
  16  0:51  Drone  
  16  0:54  Drone  
  17  0:58  Drone  
  18  1:09  Extractor  
  17  1:13  Spawning Pool  
  17  1:16  Drone  
  17  1:20  Drone  
  18  1:29  Drone  
  19  1:40  Drone  
  20  1:50  Drone  
  21  2:01  Queen x2  
  21  2:02  Zergling x4  
  27  2:13  Zergling x2, Overlord  
  28  2:21  Hatchery  
  27  2:24  Drone  
  28  2:33  Drone  
  29  2:37  Drone x2  
  29  2:39  Queen  
  33  2:45  Metabolic Boost  
  33  2:50  Overlord  
  33  2:53  Drone  
  33  2:54  Drone  
  33  2:57  Drone  
  36  3:12  Drone x4  
  40  3:13  Spore Crawler  
  40  3:18  Queen  
  42  3:22  Drone x2, Overlord  
  44  3:34  Roach Warren, Extractor  
  43  3:38  Zergling x4  
  43  3:39  Overlord  
  44  3:46  Drone x2  
  48  3:50  Drone x2  
  50  3:58  Overlord  
  50  4:06  Overlord  
  48  4:11  Overlord  
  48  4:16  Roach  
  62  4:17  Roach x6  
  62  4:20  Roach  
  64  4:25  Zergling x8  
  64  4:27  Zergling x2  
  64  4:29  Zergling x2  
  64  4:31  Zergling x2  
  70  4:38  Drone  
  70  4:40  Lair  
  70  4:44  Drone  
  70  4:45  Drone  
  68  4:51  Drone  
  68  4:52  Drone x2  
  71  4:55  Extractor  
  71  4:56  Drone  
  71  4:57  Drone  
  69  5:05  Drone x3  
  71  5:10  Drone x2  
  71  5:14  Drone  
  73  5:15  Queen  
  73  5:20  Drone x2  
  77  5:23  Spore Crawler x2  
  77  5:26  Spore Crawler  
  74  5:29  Queen  
  74  5:32  Overlord  
  74  5:33  Drone  
  74  5:35  Drone  
  78  5:39  Overseer  
  78  5:40  Drone x3  
  78  5:42  Drone  
  82  5:45  Glial Reconstitution  
  82  5:53  Nydus Network  
  75  6:00  Roach  
  72  6:06  Roach x4  
  79  6:17  Drone  
  79  6:18  Drone x3  
  85  6:28  Spire  
  85  6:29  Drone x8  
  85  6:32  Drone  
  91  6:35  Drone, Extractor x2  
  90  6:40  Drone x2, Overseer  
  90  6:42  Drone  
  90  6:45  Extractor  
  92  6:48  Drone x2  
  94  6:55  Drone x4  
  98  7:01  Overlord  
  98  7:03  Overlord  
  95  7:18  Roach x4  
  93  7:22  Overlord  
  93  7:23  Drone, Overlord  
  93  7:24  Drone x4  
  96  7:32  Evolution Chamber x2  
  93  7:43  Drone x3  
  94  7:45  Drone x5  
  94  7:48  Drone x4  
  103  7:56  Roach x5  
  113  7:59  Hatchery  
  113  8:03  Ravager x4  
  113  8:04  Roach x2  
  113  8:05  Roach  
  122  8:07  Overlord  
  122  8:08  Roach  
  122  8:11  Roach  
  126  8:12  Overlord  
  126  8:18  Infestation Pit, Overlord  
  125  8:22  Roach  
  125  8:25  Zerg Missile Weapons Level 1  
  125  8:26  Zerg Ground Armor Level 1  
  120  8:29  Roach  
  120  8:30  Roach  
  120  8:33  Roach  
  120  8:34  Roach x3  
  116  8:39  Roach  
  116  8:40  Roach  
  107  8:45  Roach x5  
  112  8:50  Roach  
  112  8:51  Roach  
  112  8:52  Roach x2  
  112  8:53  Roach  
  120  8:59  Hive  
  120  9:01  Roach  
  122  9:09  Overlord  
  122  9:10  Overlord  
  122  9:12  Hydralisk Den  
  122  9:13  Overlord  
  121  9:18  Ravager x7, Extractor  
  121  9:19  Extractor  
  121  9:20  Drone x2  
  128  9:28  Drone x9  
  128  9:29  Drone x2  
  128  9:31  Drone  
  140  9:35  Roach x3  
  146  9:42  Roach  
  146  9:43  Lurker Den, Roach x2  
  151  9:45  Pneumatized Carapace  
  151  9:52  Overlord  
  151  9:53  Overlord x3  
  151  9:55  Overlord  
  151  9:58  Overlord  
  151  10:02  Overlord  
  151  10:10  Hatchery  
  150  10:15  Overseer  
  150  10:18  Viper x3  
  160  10:21  Zergling x10  
  160  10:26  Zergling x8  
  168  10:39  Drone x3  
  168  10:42  Hydralisk x4, Adaptive Talons  
  177  10:50  Zergling x12  
  174  11:02  Roach  
  174  11:03  Roach x3  
  173  11:12  Drone  
  173  11:13  Drone x2  
  176  11:18  Hatchery  
  176  11:22  Lurker x2  
  176  11:24  Zergling x2  
  176  11:25  Zergling x8  
  184  11:32  Lurker  
  184  11:33  Lurker  
  184  11:35  Hydralisk  
  184  11:36  Hydralisk  
  184  11:37  Zergling x2  
  185  11:46  Hydralisk x4  
  180  11:58  Hydralisk  
Show
View Real Time Build Order
Export as new Build Order

Maru Terran - Winner!

Build Orders: Reaper Expand, Hellion Banshee 

Get SALT Encoding   

  12  0:00  SCV  
  13  0:12  SCV  
  14  0:17  Supply Depot  
  14  0:24  SCV  
  15  0:38  SCV  
  15  0:39  Barracks  
  15  0:42  Refinery  
  16  0:50  SCV  
  17  1:02  SCV  
  18  1:15  SCV  
  19  1:26  Reaper  
  19  1:27  Orbital Command  
  20  1:40  Command Center  
  20  1:52  Supply Depot  
  20  1:53  SCV  
  21  1:58  Marine  
  22  2:05  SCV  
  22  2:08  Factory  
  23  2:15  Refinery  
  23  2:17  SCV  
  23  2:19  Barracks Reactor  
  24  2:29  SCV  
  25  2:41  SCV  
  26  2:53  SCV, Orbital Command  
  26  2:54  Starport  
  27  3:02  Hellion x2  
  31  3:06  SCV  
  31  3:12  Supply Depot  
  32  3:18  Marine  
  33  3:20  SCV x2  
  33  3:23  Hellion  
  33  3:24  Hellion  
  39  3:30  Medivac  
  41  3:34  Supply Depot  
  41  3:35  Armory  
  41  3:36  Marine  
  41  3:38  SCV  
  41  3:39  SCV  
  44  3:48  Hellion x2  
  48  3:51  SCV  
  48  3:52  SCV  
  48  3:55  Barracks Tech Lab  
  50  4:02  Starport Tech Lab  
  50  4:03  Supply Depot  
  50  4:09  Hellion x2  
  54  4:15  SCV  
  55  4:19  Cloaking Field  
  55  4:20  Banshee  
  55  4:22  SCV  
  59  4:27  SCV  
  59  4:30  Marine  
  59  4:31  Hellion x2  
  65  4:34  SCV  
  66  4:39  SCV  
  61  4:46  SCV  
  61  4:49  Engineering Bay  
  61  4:51  SCV  
  61  4:52  Hellion x2  
  58  4:58  SCV  
  57  5:02  Banshee  
  57  5:03  SCV  
  61  5:10  SCV  
  62  5:16  Command Center  
  62  5:20  SCV  
  62  5:21  Stimpack, Marine  
  63  5:28  SCV  
  65  5:29  Barracks  
  65  5:30  Factory Reactor  
  65  5:31  Barracks  
  65  5:32  SCV  
  65  5:34  Engineering Bay  
  66  5:39  Marine  
  66  5:40  SCV  
  66  5:41  Refinery  
  66  5:42  Supply Depot  
  68  5:44  SCV  
  69  5:52  SCV  
  69  5:54  Starport Reactor  
  70  6:01  Marine  
  70  6:02  SCV  
  68  6:04  SCV  
  68  6:10  Terran Infantry Weapons Level 1, Terran Infantry Armor Level 1  
  63  6:13  Refinery, Siege Tank  
  63  6:14  SCV  
  63  6:16  SCV  
  68  6:19  Supply Depot, Marine  
  68  6:22  Bunker x2  
  68  6:23  Bunker  
  69  6:27  Marine  
  69  6:28  Marine x3, Orbital Command  
  73  6:34  Medivac  
  73  6:37  Marine  
  73  6:38  SCV  
  73  6:39  Medivac  
  79  6:42  SCV  
  79  6:45  Marine x3  
  79  6:46  Marine  
  84  6:47  Supply Depot  
  84  6:50  SCV  
  84  6:51  Siege Tank, Orbital Command  
  88  6:55  Marine  
  88  7:00  SCV, Barracks  
  90  7:02  SCV, Barracks  
  90  7:03  Marine x4  
  90  7:08  Supply Depot  
  95  7:10  Combat Shield  
  95  7:12  SCV  
  95  7:14  SCV  
  86  7:23  Marine x2  
  86  7:25  SCV  
  86  7:26  SCV  
  89  7:35  Medivac x2  
  89  7:37  SCV  
  94  7:38  SCV  
  94  7:39  Siege Tank  
  94  7:41  Marine x3  
  94  7:42  Marine  
  102  7:48  Missile Turret x2  
  102  7:49  SCV  
  102  7:50  SCV  
  104  7:51  Missile Turret  
  104  7:52  Barracks Reactor  
  104  7:53  Barracks Reactor  
  104  7:56  SCV  
  105  7:58  Marine  
  105  7:59  Marine x2  
  105  8:05  Marine  
  108  8:06  SCV x2  
  108  8:09  Supply Depot  
  111  8:13  Marine  
  111  8:14  Terran Infantry Weapons Level 2  
  111  8:15  Terran Infantry Armor Level 2  
  111  8:16  Marine  
  113  8:22  SCV  
  113  8:24  Marine  
  103  8:27  SCV x2  
  103  8:29  Marine x2  
  103  8:30  Medivac x2  
  103  8:34  SCV  
  105  8:39  SCV, Marine x3  
  105  8:40  Marine x3  
  109  8:41  SCV, Siege Tank  
  109  8:44  Marine  
  109  8:46  SCV  
  109  8:47  Marine  
  112  8:55  Marine  
  106  8:57  Supply Depot, Refinery, Marine x4  
  106  8:58  Refinery, Marine  
  106  9:00  Supply Depot, Medivac, Marine  
  114  9:04  Terran Vehicle Weapons Level 1  
  114  9:11  Command Center  
  117  9:17  Siege Tank, Marine x4  
  121  9:27  Marine  
  121  9:28  Supply Depot  
  121  9:29  Marine x4  
  121  9:30  Medivac  
  128  9:32  Factory  
  128  9:38  Marine x4  
  130  9:44  Sensor Tower  
  130  9:45  Marine  
  133  9:46  Marine  
  133  9:47  Marine x3  
  137  9:56  Marine x3  
  140  10:00  Marine  
  140  10:04  Marine x4  
  140  10:05  Siege Tank  
  143  10:09  Supply Depot  
  143  10:10  Supply Depot, Barracks x2  
  143  10:11  Barracks  
  143  10:15  Factory Tech Lab  
  143  10:16  Marine  
  143  10:17  Marine x3  
  143  10:18  Marine  
  148  10:25  SCV  
  150  10:28  Supply Depot, SCV x2  
  150  10:34  Siege Tank  
  154  10:37  Siege Tank, Marine x8  
  154  10:39  Sensor Tower, Marine  
  166  10:50  Medivac x2  
  166  10:54  Planetary Fortress  
  166  10:55  Marine x3  
  160  11:06  Siege Tank, Marine x6  
  160  11:10  Siege Tank  
  162  11:12  Marine  
  162  11:13  Marine  
  162  11:15  Barracks Tech Lab x2  
  162  11:17  Barracks Tech Lab  
  164  11:20  Medivac x2  
  164  11:23  Supply Depot  
  164  11:24  Marine x4  
  164  11:25  Marauder  
  174  11:27  Marine  
  175  11:38  Siege Tank  
  175  11:41  Marine x3  
  175  11:42  Marauder  
  167  11:48  Marauder x3, Marine x5  
  178  11:54  Command Center  
  178  11:59  Marine  

Tags
 
Add a new tag
Caveats
  • Supply blocks, unpowered buildings, or Contaminate may cause inaccurate times.
  • Supply counts are checked every 10 seconds.